 Dungeon Crawl Stone Soup version 0.31.0-11-ge490571c62 (webtiles) character file.

Game seed: 8070182528913284019

292 ces the Cleaver (level 6, -3/76 HPs)
             Began as a Minotaur Berserker on Jan 26, 2024.
             Was a Priest of Trog.
             Incinerated by a bombardier beetle (4 damage)
             ... with a burning spray
             ... on level 4 of the Dungeon.
             The game lasted 00:03:06 (3056 turns).

ces the Cleaver (Minotaur Berserker)                Turns: 3056, Time: 00:03:06

Health: -3/76      AC:  2    Str: 23      XL:     6   Next: 10%
Magic:  5/5        EV: 11    Int:  4      God:    Trog [***...]
Gold:   162        SH:  0    Dex:  5 (10) Spells: 5/5 levels left

rFire   . . .        a - +0 hand axe
rCold   . . .        (no shield)
rNeg    . . .        b - +0 animal skin
rPois   .            (helmet restricted)
rElec   .            (no cloak)
rCorr   +            (no gloves)
SInv    .            (no boots)
Will    +....        (no amulet) Stlth
                     c - ring of resist corrosion
HPRegen 0.32/turn    d - ring of willpower
MPRegen 0.09/turn

%: no passive effects
@: berserking, on fire, glowing, very quick
A: horns 2, retaliatory headbutt
a: Renounce Religion, Berserk, Trog's Hand


You were on level 4 of the Dungeon.
You worshipped Trog.
Trog was most pleased with you.
You visited 1 branch of the dungeon, and saw 4 of its levels.

You collected 162 gold pieces.

Inventory:

Hand Weapons
 a - a +0 hand axe (weapon)
Armour
 b - a +0 animal skin (worn)
Jewellery
 c - a ring of resist corrosion (left hand)
 d - a ring of willpower (right hand)
 u - a ring of flight
 v - a ring of ice
Wands
 p - a wand of flame (20)
 x - a wand of iceblast (11)
Scrolls
 e - 2 scrolls of blinking {unknown}
 h - 5 scrolls of immolation {unknown}
 j - a scroll of fog {unknown}
 k - a scroll of vulnerability {unknown}
 m - a scroll of amnesia {unknown}
 o - 2 scrolls of identify {unknown}
 q - a scroll of poison {unknown}
 r - a scroll of enchant weapon {unknown}
 w - a scroll of noise {unknown}
Potions
 f - a potion of lignification {unknown}
 g - a potion of curing {unknown}
 i - a potion of heal wounds {unknown}
 l - a potion of resistance {unknown}
 n - a potion of might {unknown}
 s - 2 potions of mutation {unknown}
 t - a potion of attraction {unknown}


   Skills:
 - Level 3.6 Fighting
 + Level 8.3 Axes
 - Level 2.4 Armour
 - Level 2.1 Dodging


You had 5 spell levels left.
You didn't know any spells.
Your spell library was empty.

Dungeon Overview and Level Annotations

Branches:
Dungeon (4/15)
 Temple: D:4-7

Altars:
Hepliaklqana
Kikubaaqudgha
Makhleb
Vehumet
Xom


Innate Abilities, Weirdness & Mutations

You have a pair of horns on your head.
You reflexively headbutt those who attack you in melee.


Message History

* * * LOW HITPOINT WARNING * * *
The quasit bites you but does no damage.
The quasit claws you but does no damage. x2
The jackal bites you but does no damage.
You hit the jackal. You headbutt the jackal.
You kill the jackal!
Trog accepts your kill.
You closely miss the ball python. You miss the quasit.
The liquid fire burns you!
* * * LOW HITPOINT WARNING * * *
The ball python bites you.
* * * LOW HITPOINT WARNING * * *
The ball python constricts you. The quasit barely misses you.
The quasit claws you but does no damage.
The quasit closely misses you.
You hit the ball python.
The ball python is severely wounded.
You barely miss the quasit. The liquid fire burns you!
* * * LOW HITPOINT WARNING * * *
The quasit bites you.
* * * LOW HITPOINT WARNING * * *
The quasit claws you but does no damage.
The quasit closely misses you. The ball python bites you.
* * * LOW HITPOINT WARNING * * *
The ball python constricts you.
* * * LOW HITPOINT WARNING * * *
You escape the ball python's grasp.
You shake off some of the fire as you move.
The liquid fire burns you!
* * * LOW HITPOINT WARNING * * *
The quasit attacks as it pursues you! The quasit barely misses you.
The quasit claws you.
* * * LOW HITPOINT WARNING * * *
The quasit claws you.
* * * LOW HITPOINT WARNING * * *
You shake off some of the fire as you move.
You feel a strong urge to attack something.
The liquid fire burns you!
You die...

#.#.##......#
#...PP......#
....ā‰ˆā‰ˆ....#
..
#.Pā‰ˆā‰ˆ...###
...##........#
.....#SB.....#
.......5.....#
....#.#......#
. # #@....##
#.....###
.........#
##......^..#
#.........##
..........##
........###
#.......#


You could see a bombardier beetle, a quasit and a ball python.

Vanquished Creatures
  A jelly (D:3)
  3 orc priests (D:3)
  Terence (D:2)
  Robin (D:2)
  An adder (D:3)
  An ufetubus (D:4)
  2 ribbon worms (D:2)
  3 dart slugs
  An orc (D:3)
  11 ball pythons
  15 endoplasms
  6 giant cockroaches
  15 goblins
  5 hobgoblins
  14 jackals
  12 kobolds
  4 bats
  6 frilled lizards
  4 rats
106 creatures vanquished.

Notes
Turn   | Place    | Note
-------+----------+-------------------------------------------
     0 | D:1      | ces the Minotaur Berserker began the quest for the Orb.
     0 | D:1      | Reached XP level 1. HP: 19/19 MP: 0/0
   121 | D:1      | Reached skill level 4 in Axes
   193 | D:1      | Reached XP level 2. HP: 8/26 MP: 1/1
   548 | D:1      | Reached skill level 5 in Axes
   644 | D:1      | Reached XP level 3. HP: 30/31 MP: 2/2
   724 | D:1      | Reached ** piety under Trog
  1273 | D:2      | Noticed Terence
  1280 | D:2      | Killed Terence
  1281 | D:2      | Reached skill level 6 in Axes
  1281 | D:2      | Reached XP level 4. HP: 31/39 MP: 3/3
  1419 | D:2      | Noticed Robin
  1432 | D:2      | Killed Robin
  1690 | D:2      | Found a faded altar of an unknown god.
  1699 | D:2      | Identified the +1 robe "Donk" {Harm rN+ Regen+ Int+3 SInv}
  2066 | D:3      | Reached *** piety under Trog
  2146 | D:3      | Found an ancient bone altar of Kikubaaqudgha.
  2146 | D:3      | Found a shimmering altar of Xom.
  2146 | D:3      | Found a burning altar of Makhleb.
  2146 | D:3      | Found a radiant altar of Vehumet.
  2146 | D:3      | Found a burning altar of Makhleb.
  2146 | D:3      | Found a hazy altar of Hepliaklqana.
  2150 | D:3      | Reached XP level 5. HP: 27/45 MP: 4/4
  2153 | D:3      | Reached skill level 7 in Axes
  2599 | D:3      | Reached skill level 8 in Axes
  2599 | D:3      | Reached XP level 6. HP: 35/51 MP: 5/5
  3055 | D:4      | HP: 2/76 [quasit (2)]
  3056 | D:4      | Incinerated by a bombardier beetle

Illustrated notes

Levels and vault maps discovered:
D:1:      dpeg_arrival_refuge, layout_basic, kennysheep_minor_cross
D:2:      kennysheep_big_flooded_room, layout_basic,
          chequers_ecumenical_altar_island, amethyst_killhole,
          minmay_misc_feat_pillars, minmay_tetromino_t4, uniq_robin,
          uniq_terence
D:3:      cheibrodos_fertilizer, layout_basic
D:4:      layout_cave_pools, serial_demonic, serial_demonic_g, serial_demonic_c,
          serial_demonic_g, serial_demonic_b, uniq_blork_the_orc

Skill      XL: |  1  2  3  4  5 |
---------------+----------------+-----
Axes           | 4 5 6 8 |  8.3
Fighting       | |  3.6
Armour         | |  2.4
Dodging        | |  2.1

Action                     |  1- 3 |  4- 6 || total
---------------------------+-------+-------++-------
  Melee: Hand axe          |    88 |   108 ||   196
         Headbutt          |     6 |    21 ||    27
         Punch             |     1 |       ||     1
 Invoke: Berserk           |     2 |     3 ||     5
   Stab: Sleeping          |       |     1 ||     1
 Armour: Animal skin       |    45 |    78 ||   123
  Dodge: Dodged            |    79 |    91 ||   170
